 Dungeon Crawl Stone Soup version 0.28.0-45-g0d030f2227 (webtiles) character file.

Game seed: 18227673029159745783

139456 Andrea the Thaumaturge (level 17, -5/131 HPs)
             Began as a Gnoll Hedge Wizard on Apr 6, 2022.
             Was the Champion of Cheibriados.
             Killed from afar by Nikola (57 damage)
             ... with an arc of chain lightning
             ... on level 3 of the Spider Nest on Apr 7, 2022.
             The game lasted 03:37:47 (55016 turns).

Andrea the Thaumaturge (Gnoll Hedge Wizard)        Turns: 55016, Time: 03:37:47

Health: -5/131     AC: 17    Str: 31    XL:     17   Next: 28%
Magic:  9/34       EV: 25    Int: 37    God:    Cheibriados [******]
Gold:   1335       SH: 16    Dex: 34    Spells: 7/42 levels left

rFire   + . .      SeeInvis +   b - +4 trident (freeze)
rCold   . . .      Faith    .   p - +0 kite shield
rNeg    . . .      Spirit   .   A - +1 ring mail "Ofoppot" {rElec Will+}
rPois   +          Reflect  .   c - +1 hat
rElec   +          Harm     .   H - +2 cloak
rCorr   +          Rampage  .   Y - +1 pair of gloves of Siboxt Guah {rPois Int+3}
Will    ++...                   e - +0 pair of boots
Stlth   ++++++....              X - amulet of Betearer {Regen+ SInv}
HPRegen 1.11/turn               U - ring of resist corrosion
MPRegen 0.24/turn               o - ring "Vuatuafe" {rF+ Int+5 Dex+6}

@: very slightly contaminated, very slow
A: fangs 1, strong nose, distributed training
a: Renounce Religion, Bend Time, Temporal Distortion, Slouch, Step From Time


You were on level 3 of the Spider Nest.
You worshipped Cheibriados.
Cheibriados was exalted by your worship.
You visited 6 branches of the dungeon, and saw 31 of its levels.

You collected 2604 gold pieces.
You spent 1269 gold pieces at shops.

Inventory:

Hand Weapons
 a - a +2 dagger of holy wrath
 b - a +4 trident of freezing (weapon)
Missiles
 n - 2 throwing nets
 r - 22 boomerangs (quivered)
Armour
 c - a +1 hat (worn)
 e - a +0 pair of boots (worn)
 p - a +0 kite shield (worn)
 A - the +1 ring mail "Ofoppot" (worn) {rElec Will+}
   (You bought it in a shop on level 1 of the Orcish Mines)

   rElec:     It insulates you from electricity.
   Will:      It increases your willpower.
 H - a +2 cloak (worn)
 I - a scarf of invisibility
 M - a +1 robe of cold resistance
 R - a +0 crystal plate armour
 Y - the +1 pair of gloves of Siboxt Guah (worn) {rPois Int+3}
   (You bought it in a shop on level 1 of the Orcish Mines)

   Int:       It affects your intelligence (+3).
   rPois:     It protects you from poison.
Magical Staves
 u - a staff of earth
Jewellery
 o - the ring "Vuatuafe" (right hand) {rF+ Int+5 Dex+6}
   (You found it on level 3 of the Dungeon)

   [ring of dexterity]

   Int:       It affects your intelligence (+5).
   Dex:       It affects your dexterity (+6).
   rF:        It protects you from fire.
 x - a ring of willpower
 D - a ring of wizardry
 J - a ring of protection from fire
 T - a ring of positive energy
 U - a ring of resist corrosion (left hand)
 X - the amulet of Betearer (around neck) {Regen+ SInv}
   (You found it on level 15 of the Dungeon)

   [amulet of regeneration]

   SInv:      It lets you see invisible.
   Regen:     It increases your rate of health regeneration.
Wands
 l - a wand of charming (24)
 B - a wand of iceblast (32)
 C - a wand of flame (33)
 O - a wand of polymorph (11)
 Q - a wand of paralysis (22)
 W - a wand of mindburst (10)
 Z - a wand of digging (6)
Scrolls
 h - 2 scrolls of amnesia
 i - 6 scrolls of teleportation
 j - 2 scrolls of enchant weapon
 k - a scroll of brand weapon
 m - 3 scrolls of vulnerability
 v - 12 scrolls of identify
 y - 2 scrolls of magic mapping
 G - 6 scrolls of fear
 K - 3 scrolls of enchant armour
 P - 4 scrolls of summoning
Potions
 d - 2 potions of cancellation
 f - 5 potions of heal wounds
 g - 2 potions of magic
 q - 6 potions of lignification
 s - 6 potions of mutation
 t - 6 potions of curing
 w - a potion of flight
 z - 3 potions of brilliance
 E - a potion of attraction
 F - 3 potions of berserk rage
 L - a potion of resistance
 N - 3 potions of might
 S - a potion of invisibility


   Skills:
 + Level 11.5 Fighting
 + Level 11.5 Short Blades
 + Level 11.5 Long Blades
 + Level 11.5 Axes
 + Level 11.5 Maces & Flails
 + Level 11.5 Polearms
 + Level 11.5 Staves
 + Level 11.5 Slings
 + Level 11.5 Bows
 + Level 11.5 Crossbows
 + Level 11.5 Throwing
 + Level 11.5 Armour
 + Level 12.4 Dodging
 + Level 12.3 Stealth
 + Level 11.5 Shields
 + Level 11.5 Unarmed Combat
 + Level 13.4 Spellcasting
 + Level 10.0 Conjurations
 + Level 9.7 Hexes
 + Level 10.0 Summonings
 + Level 9.7 Necromancy
 + Level 10.0 Translocations
 + Level 9.7 Transmutations
 + Level 9.7 Fire Magic
 + Level 9.7 Ice Magic
 + Level 9.7 Air Magic
 + Level 9.7 Earth Magic
 + Level 9.7 Poison Magic
 + Level 12.5 Invocations
 + Level 11.5 Evocations


You had 7 spell levels left.
You knew the following spells:

 Your Spells              Type           Power      Damage    Failure   Level
a - Magic Dart            Conj           100%       1d8       1%          1
b - Call Imp              Summ           78%        N/A       1%          2
c - Mephitic Cloud        Conj/Pois/Air  78%        N/A       1%          3
d - Conjure Flame         Conj/Fire      78%        6-21      1%          3
e - Blink                 Tloc           100%       N/A       1%          2
f - Shock                 Conj/Air       100%       1d9       1%          1
g - Airstrike             Air            38%        N/A       1%          4
h - Summon Guardian Gole  Hex/Summ       78%        N/A       1%          3
i - Summon Lightning Spi  Summ/Air       78%        N/A       1%          4
j - Lightning Bolt        Conj/Air       39%        1d57      1%          5
k - Ensorcelled Hibernat  Hex/Ice        100%       N/A       1%          2
l - Fireball              Conj/Fire      39%        3d16      1%          5

Your spell library contained the following spells:

 Spells                   Type           Power      Damage    Failure   Level
 Beastly Appendage        Tmut           100%       N/A       1%          1
 Freeze                   Ice            100%       1d11      1%          1
 Slow                     Hex            100%       N/A       1%          1
 Summon Small Mammal      Summ           100%       N/A       1%          1
 Passwall                 Tmut/Erth      64%        N/A       1%          2
 Static Discharge         Conj/Air       78%        N/A       1%          2
 Sublimation of Blood     Necr           77%        N/A       1%          2
 Wereblood                Tmut           77%        N/A       1%          2
 Call Canine Familiar     Summ           78%        N/A       1%          3
 Confusing Touch          Hex            77%        N/A       1%          3
 Frozen Ramparts          Ice            100%       1d12      1%          3
 Portal Projectile        Hex/Tloc       100%       N/A       1%          3
 Spider Form              Tmut/Pois      77%        N/A       1%          3
 Swiftness                Air            77%        N/A       1%          3
 Tukima's Dance           Hex            77%        N/A       1%          3
 Vampiric Draining        Necr           77%        2d11      1%          3
 Anguish                  Hex/Necr       38%        N/A       1%          4
 Animate Armour           Summ/Erth      100%       N/A       1%          4
 Hailstorm                Conj/Ice       78%        3d16      1%          4
 Ice Form                 Ice/Tmut       77%        N/A       1%          4
 Iskenderun's Mystic Bla  Conj/Tloc      78%        2d16      1%          4
 Leda's Liquefaction      Hex/Erth       38%        N/A       1%          4
 Passage of Golubria      Tloc           78%        N/A       1%          4
 Summon Ice Beast         Ice/Summ       78%        N/A       1%          4
 Iskenderun's Battlesphe  Conj           78%        2d13      1%          5
 Silence                  Hex/Air        38%        N/A       1%          5
 Yara's Violent Unravell  Hex/Tmut       38%        3d15      1%          5
 Iron Shot                Conj/Erth      39%        9d8       11%         6
 Starburst                Conj/Fire      39%        6d11      11%         6
 Malign Gateway           Summ/Tloc      39%        N/A       50%         7
 Spellforged Servitor     Conj/Summ      39%        N/A       50%         7
 Summon Hydra             Summ           39%        N/A       50%         7
 Enfeeble                 Hex            38%        N/A       54%         7
 Ignition                 Fire           38%        3d11      99%         8
 Lehudib's Crystal Spear  Conj/Erth      39%        10d10     99%         8
 Summon Horrible Things   Summ           39%        N/A       99%         8


Dungeon Overview and Level Annotations

Branches:
Dungeon (15/15)            Temple (1/1) D:4            Lair (6/6) D:8
 Shoals (4/4) Lair:2       Spider (3/4) Lair:2        Slime (0/5) Lair:5
    Orc (2/2) D:11            Elf (0/3) Orc:2        Vaults (0/5) D:14
 Depths (0/4) D:15

Altars:
Ashenzari
Cheibriados
Dithmenos
Elyvilon
Fedhas
Gozag
Hepliaklqana
Kikubaaqudgha
Makhleb
Nemelex Xobeh
Okawaru
Qazlal
Ru
Sif Muna
Trog
Uskayaw
Vehumet
Wu Jian
Xom
Yredelemnul
Zin
The Shining One
Beogh

Shops:
D:3 *   Orc:1 [   Orc:2 [(![   Shoals:3 ?

Annotations:
D:12 Frances
Shoals:3 exclusion: downstairs
Spider:3 Nikola


Innate Abilities, Weirdness & Mutations

You have very sharp teeth.
Your uncanny sense of smell can sniff out nearby items.
Your experience applies equally to all skills.


Message History

Nikola is severely wounded.
Nikola is engulfed in noxious fumes.
Your +2 dagger of holy wrath stops glowing.
Your +4 trident of freezing glows with a cold blue light!
b - a +4 trident of freezing (weapon)
Nikola gestures wildly while chanting.
Lightning arcs from Nikola's hands!
The bolt of lightning hits you!!! You resist.
A bolt of lightning appears from out of thin air!
The bolt of lightning hits Nikola!
Casting: Mephitic Cloud (safe; 1% risk of failure)
Confirm with . or Enter, or press ? or * to list all spells.
Aiming: Mephitic Cloud (safe; 1% risk of failure)
Press: ? - help, Shift-Dir - straight line, f/p - Nikola
Aim: Nikola, wielding a +2 rapier of electrocution, wearing a +0 cloak and wearing a +0 pair of gloves (severely wounded, chance to affect: 15%)
The ball explodes into a vile cloud!
The stinking cloud engulfs Nikola but does no damage.
Nikola is severely wounded.
The stinking cloud engulfs you but does no damage.
Nikola is engulfed in noxious fumes.
Nikola hits you with a +2 rapier of electrocution!
Casting: Mephitic Cloud (safe; 1% risk of failure)
Confirm with . or Enter, or press ? or * to list all spells.
Aiming: Fireball (mildly dangerous; 1% risk of failure)
Press: ? - help, Shift-Dir - straight line, p - Nikola You miscast Fireball.
You are very lightly contaminated with residual magic.
Nothing appears to happen.
Nikola is engulfed in noxious fumes.
You block Nikola's attack.
Casting: Fireball (mildly dangerous; 1% risk of failure)
Confirm with . or Enter, or press ? or * to list all spells.
Aiming: Fireball (mildly dangerous; 1% risk of failure)
Press: ? - help, Shift-Dir - straight line The fireball explodes!
The fireball engulfs Nikola!
Nikola is almost dead.
Nikola is engulfed in noxious fumes.
Nikola mumbles some strange words.
Lightning arcs from Nikola's hands!
The bolt of lightning hits you!!! You resist.
You die...

..####...###..[...#
.## #...# #.....##
## #..## ##..#.# ##
#### #...### .#
##...## #####
#..[..# ##..#
#..[^## #...##
##..§☼# .....###
##...@@##
.......####.☼°☼°..#
#...^.......○§....#
##..........☼☼☼°...
##.##..^...........
#####............°.
#............... ∆
##.#..............∆
#w###§..........


You could see Nikola.

Vanquished Creatures
  Kirke (Lair:6)
  Aizul (Shoals:3)
  An orc warlord (Orc:2)
  2 broodmothers (Spider:2)
  A dire elephant (D:15)
  3 entropy weavers (Spider:1)
  A spark wasp (Spider:1)
  An ettin (Orc:1)
  A merfolk javelineer (Shoals:4)
  2 vault guards (D:14)
  A jorogumo (Spider:3)
  10 hydras
  Harold (D:9)
  7 centaur warriors
  4 merfolk avatars
  3 boulder beetles
  A merfolk aquamancer (Shoals:2)
  2 satyrs
  An alligator snapping turtle (Shoals:3)
  A death knight (D:13)
  4 two-headed ogres
  2 tengu warriors
  A catoblepas (Lair:4)
  An orc high priest (Orc:2)
  A deep elf knight (D:14)
  4 skeletal warriors (D:15)
  A pharaoh ant (Spider:3)
  An orb spider (Spider:1)
  2 steelbarb worms
  7 sea snakes
  2 wizards (D:14)
  3 harpies
  An orc knight (D:11)
  14 ugly things
  11 manticores
  5 wolf spiders
  2 orc sorcerers (Orc:2)
  5 cyclopes
  2 moths of wrath
  15 elephants
  2 black mambas
  6 water nymphs
  6 merfolk sirens
  A torpor snail (Spider:3)
  An unseen horror (D:12)
  8 cane toads
  3 gargoyles
  Psyche (D:12)
  8 komodo dragons
  4 demonic crawlers
  6 rime drakes
  A freezing wraith (D:15)
  A yaktaur (D:14)
  A tengu conjurer (D:15)
  5 merfolk
  An ice devil (Lair:2)
  4 trolls
  8 tarantellas
  5 meliai
  A wind drake (shapeshifter) (D:15)
  3 polar bears
  Grinder (D:4)
  19 blink frogs
  6 snapping turtles
  A hornet (Lair:6)
  6 wind drakes
  4 dream sheep
  10 slime creatures
  9 jumping spiders
  Sigmund (D:4)
  A vampire (D:11)
  A shadow (D:10)
  4 culicivoras
  5 wyverns
  7 water elementals
  A wraith (D:11)
  19 yaks
  16 humans (D:14)
  3 basilisks
  2 hogs (Lair:6)
  2 fire elementals (D:14)
  Grum (D:8)
  22 redbacks
  A steam dragon (D:10)
  4 vampire mosquitoes (D:12)
  Edmund (D:5)
  A warg (Orc:2)
  12 water moccasins
  22 orc warriors
  A black bear (D:8)
  11 wolves
  8 ogres
  18 centaurs
  11 bullfrogs
  4 scorpions
  10 killer bees
  13 wights
  6 centaur zombies
  2 jellies
  A gnoll shaman (D:9)
  16 orc priests
  2 hounds
  2 centaur skeletons
  A bullfrog skeleton (D:5)
  2 iguanas (D:5)
  16 orc wizards
  8 hell rats
  A hound zombie (D:5)
  A howler monkey zombie (D:8)
  4 gnolls (D:9)
  A howler monkey skeleton (D:7)
  8 adders
  5 river rats (Lair:1)
  A shadow imp (D:7)
  3 dart slugs
  73 orcs
  5 endoplasms
  4 giant cockroaches
  6 goblins
  10 hobgoblins
  2 jackals (D:2)
  4 quokkas
  6 ball pythons
  4 bats
  A frilled lizard (D:2)
  16 kobolds
  11 rats
  A butterfly (Lair:1)
  A fire vortex (D:14)
687 creatures vanquished.

Vanquished Creatures (collateral kills)
  Ilsuiw (Shoals:3)
  2 broodmothers (Spider:3)
  A merfolk javelineer (Shoals:4)
  4 hydras
  An alligator snapping turtle (Shoals:3)
  A death yak (Lair:4)
  A steelbarb worm (Spider:3)
  A skeletal warrior (D:15)
  3 pharaoh ants
  An orb spider (Spider:2)
  2 ugly things (D:15)
  2 wolf spiders
  A manticore (Shoals:2)
  A torpor snail (Spider:3)
  2 elephants (Lair:3)
  3 cane toads
  A polar bear (Lair:6)
  5 meliai
  2 tarantellas
  4 blink frogs
  A dream sheep (Shoals:4)
  A snapping turtle (Shoals:3)
  3 jumping spiders
  A culicivora (Spider:1)
  2 water elementals
  5 yaks
  2 humans (D:14)
  5 redbacks
  3 water moccasins
  6 orc warriors
  An ogre (D:11)
  3 wolves (Lair:6)
  A killer bee (Lair:2)
  A nameless horror (Shoals:3)
  A lava snake (D:14)
  3 orc priests
  4 orc wizards (Orc:2)
  9 orcs
  An endoplasm (D:3)
92 creatures vanquished.

Vanquished Creatures (others)
  A merfolk javelineer (Shoals:4)
  A komodo dragon (Lair:1)
  A rime drake (Lair:6)
  An ice devil (Lair:2)
  A troll (D:13)
  A warg (Orc:1)
  An orc warrior (Orc:2)
  An ogre (Orc:1)
  91 fungi
  200 plants
299 creatures vanquished.

Grand Total: 1078 creatures vanquished

Notes
Turn   | Place    | Note
-------+----------+-------------------------------------------
     0 | D:1      | Andrea the Gnoll Hedge Wizard began the quest for the Orb.
     0 | D:1      | Reached XP level 1. HP: 13/13 MP: 8/8
   357 | D:1      | Reached XP level 2. HP: 19/19 MP: 7/10
   681 | D:1      | Learned a level 2 spell: Call Imp
   968 | D:1      | Found a faded altar of an unknown god.
  1126 | D:1      | Reached XP level 3. HP: 25/25 MP: 4/11
  1574 | D:2      | Reached skill level 1 in Invocations
  1844 | D:2      | Reached skill level 1 in Fighting
  1844 | D:2      | Reached skill level 1 in Short Blades
  1844 | D:2      | Reached skill level 1 in Long Blades
  1844 | D:2      | Reached skill level 1 in Axes
  1844 | D:2      | Reached skill level 1 in Maces & Flails
  1844 | D:2      | Reached skill level 1 in Polearms
  1844 | D:2      | Reached skill level 1 in Staves
  1844 | D:2      | Reached skill level 1 in Slings
  1844 | D:2      | Reached skill level 1 in Bows
  1844 | D:2      | Reached skill level 1 in Crossbows
  1844 | D:2      | Reached skill level 1 in Throwing
  1844 | D:2      | Reached skill level 1 in Armour
  1844 | D:2      | Reached skill level 1 in Shields
  1844 | D:2      | Reached skill level 1 in Unarmed Combat
  1844 | D:2      | Reached skill level 1 in Evocations
  1886 | D:2      | Learned a level 3 spell: Mephitic Cloud
  1890 | D:2      | Learned a level 3 spell: Conjure Flame
  1893 | D:2      | Learned a level 2 spell: Blink
  2037 | D:2      | Reached XP level 4. HP: 32/32 MP: 9/13
  2134 | D:2      | You fall into a shaft and drop 2 floors!
  2208 | D:4      | Noticed a scorpion
  2592 | D:3      | Identified the ring "Vuatuafe" {rF+ Int+5 Dex+6}
  2723 | D:3      | Reached skill level 1 in Hexes
  2723 | D:3      | Reached skill level 1 in Necromancy
  2723 | D:3      | Reached skill level 1 in Transmutations
  2723 | D:3      | Reached skill level 1 in Fire Magic
  2723 | D:3      | Reached skill level 1 in Ice Magic
  2723 | D:3      | Reached skill level 1 in Air Magic
  2723 | D:3      | Reached skill level 1 in Earth Magic
  2723 | D:3      | Reached skill level 1 in Poison Magic
  2789 | D:3      | Found Zusuown's Assorted Antiques.
  3248 | D:3      | Noticed a scorpion
  3342 | D:3      | Found a broken altar of Ashenzari.
  3848 | D:3      | Reached XP level 5. HP: 31/37 MP: 7/14
  4245 | D:3      | Reached XP level 6. HP: 44/44 MP: 4/16
  4691 | D:4      | Reached skill level 5 in Dodging
  4801 | D:4      | Noticed Sigmund
  4811 | D:4      | Killed Sigmund
  4812 | D:4      | Reached XP level 7. HP: 41/51 MP: 7/18
  4825 | D:4      | Noticed Grinder
  4850 | D:4      | Paralysed by Grinder for 4 turns
  5640 | D:5      | Entered Level 5 of the Dungeon
  5889 | D:5      | Reached skill level 5 in Stealth
  6199 | D:5      | Identified the +3 hunting sling of Sikui {speed, rElec rC+}
  6202 | D:5      | Noticed Edmund
  6731 | D:5      | Reached XP level 8. HP: 57/57 MP: 11/19
  6891 | D:5      | Killed Edmund
  7319 | D:6      | Noticed a troll
  7324 | D:6      | Killed a troll
  7391 | D:6      | Reached skill level 8 in Spellcasting
  8443 | D:6      | Reached XP level 9. HP: 58/65 MP: 10/21
  8974 | D:7      | Learned a level 1 spell: Shock
 10796 | D:8      | Found a staircase to the Lair.
 10798 | D:8      | Noticed Grum
 10963 | D:8      | Killed Grum
 11554 | D:8      | Reached skill level 5 in Invocations
 12538 | D:9      | Noticed Harold
 12554 | D:9      | Reached XP level 10. HP: 59/73 MP: 9/22
 12881 | D:9      | Reached skill level 5 in Fighting
 12881 | D:9      | Reached skill level 5 in Short Blades
 12881 | D:9      | Reached skill level 5 in Long Blades
 12881 | D:9      | Reached skill level 5 in Axes
 12881 | D:9      | Reached skill level 5 in Maces & Flails
 12881 | D:9      | Reached skill level 5 in Polearms
 12881 | D:9      | Reached skill level 5 in Staves
 12881 | D:9      | Reached skill level 5 in Slings
 12881 | D:9      | Reached skill level 5 in Bows
 12881 | D:9      | Reached skill level 5 in Crossbows
 12881 | D:9      | Reached skill level 5 in Throwing
 12881 | D:9      | Reached skill level 5 in Armour
 12881 | D:9      | Reached skill level 5 in Shields
 12881 | D:9      | Reached skill level 5 in Unarmed Combat
 12881 | D:9      | Reached skill level 5 in Evocations
 13915 | D:9      | Killed Harold
 13916 | D:9      | Reached skill level 9 in Spellcasting
 14206 | D:9      | Reached skill level 5 in Conjurations
 14206 | D:9      | Reached skill level 5 in Summonings
 14206 | D:9      | Reached skill level 5 in Translocations
 14310 | D:10     | Entered Level 10 of the Dungeon
 14546 | D:10     | Noticed a two-headed ogre
 14568 | D:10     | Killed a two-headed ogre
 15018 | D:10     | Noticed a brown ugly thing
 15804 | D:10     | Killed a brown ugly thing
 15914 | D:11     | Reached XP level 11. HP: 30/81 MP: 24/24
 16307 | Lair:1   | Entered Level 1 of the Lair of Beasts
 16650 | D:11     | Found a staircase to the Orcish Mines.
 16657 | D:11     | Noticed a cyclops
 16945 | D:11     | Noticed a manticore
 16982 | D:11     | Killed a manticore
 16983 | D:11     | Reached skill level 5 in Hexes
 16983 | D:11     | Reached skill level 5 in Necromancy
 16983 | D:11     | Reached skill level 5 in Transmutations
 16983 | D:11     | Reached skill level 5 in Fire Magic
 16983 | D:11     | Reached skill level 5 in Ice Magic
 16983 | D:11     | Reached skill level 5 in Air Magic
 16983 | D:11     | Reached skill level 5 in Earth Magic
 16983 | D:11     | Reached skill level 5 in Poison Magic
 17119 | D:11     | Learned a level 4 spell: Airstrike
 18611 | D:11     | Found a hazy altar of Hepliaklqana.
 18612 | D:11     | Found a faded altar of an unknown god.
 18788 | D:11     | Found a stormy altar of Qazlal.
 19274 | D:12     | Noticed a red ugly thing
 20189 | Lair:1   | Noticed a seven-headed hydra
 20205 | Lair:1   | Killed a seven-headed hydra
 20333 | Lair:1   | Noticed a four-headed hydra
 20343 | Lair:1   | Killed a four-headed hydra
 20490 | Lair:1   | Learned a level 3 spell: Summon Guardian Golem
 20654 | Lair:1   | Learned a level 4 spell: Summon Lightning Spire
 20956 | Lair:1   | Noticed a six-headed hydra
 20966 | Lair:1   | Killed a six-headed hydra
 21317 | Lair:1   | Reached skill level 10 in Spellcasting
 21317 | Lair:1   | Reached XP level 12. HP: 78/89 MP: 11/26
 22995 | Lair:1   | Learned a level 5 spell: Lightning Bolt
 24450 | Lair:2   | Found a hole to the Spider Nest.
 27291 | Lair:3   | Noticed a four-headed hydra
 27310 | Lair:3   | Killed a four-headed hydra
 27705 | Lair:3   | Reached XP level 13. HP: 98/98 MP: 7/27
 30380 | Lair:5   | Found a staircase to the Slime Pits.
 30645 | Lair:5   | Learned a level 2 spell: Ensorcelled Hibernation
 30702 | Lair:5   | Reached skill level 11 in Spellcasting
 31572 | Lair:6   | Entered Level 6 of the Lair of Beasts
 32631 | Lair:6   | Noticed Kirke
 33017 | Lair:6   | Reached skill level 10 in Dodging
 33017 | Lair:6   | Reached XP level 14. HP: 93/106 MP: 1/29
 33495 | Lair:5   | Reached skill level 10 in Stealth
 34232 | Orc:1    | Entered Level 1 of the Orcish Mines
 34775 | D:12     | Reached skill level 10 in Invocations
 34826 | D:12     | Noticed Frances
 35224 | D:12     | Noticed Psyche
 35240 | D:12     | Killed Psyche
 35420 | D:12     | Got Linted's Incunabulum of Confrontation
 37447 | D:4      | Found a staircase to the Ecumenical Temple.
 37639 | D:4      | Killed Grinder
 37754 | Temple   | Entered the Ecumenical Temple
 38012 | Temple   | Became a worshipper of Cheibriados the Contemplative
 38553 | Orc:1    | Found Ciry's Armour Shop.
 38562 | Orc:1    | Bought the +1 pair of gloves of Siboxt Guah {rPois Int+3}
                  | for 405 gold pieces
 38979 | Orc:2    | Entered Level 2 of the Orcish Mines
 39095 | Orc:2    | Reached * piety under Cheibriados
 39645 | Orc:2    | Noticed an orc warlord
 39663 | Orc:2    | Killed an orc warlord
 39777 | Orc:2    | Reached ** piety under Cheibriados
 39798 | Orc:2    | Found Unashroich's Antique Weapon Shop.
 39807 | Orc:2    | Found Somong's Antique Armour Boutique.
 40288 | Orc:2    | Reached *** piety under Cheibriados
 40314 | Orc:2    | Found Gehip's Armour Shop.
 40448 | Orc:2    | Found a staircase to the Elven Halls.
 40498 | Orc:2    | Reached skill level 12 in Spellcasting
 40512 | Orc:2    | Reached XP level 15. HP: 108/115 MP: 2/31
 40693 | Orc:2    | Found Unemeaj's Distillery.
 41533 | D:14     | Reached **** piety under Cheibriados
 42544 | D:14     | Reached skill level 10 in Fighting
 42544 | D:14     | Reached skill level 10 in Short Blades
 42544 | D:14     | Reached skill level 10 in Long Blades
 42544 | D:14     | Reached skill level 10 in Axes
 42544 | D:14     | Reached skill level 10 in Maces & Flails
 42544 | D:14     | Reached skill level 10 in Polearms
 42544 | D:14     | Reached skill level 10 in Staves
 42544 | D:14     | Reached skill level 10 in Slings
 42544 | D:14     | Reached skill level 10 in Bows
 42544 | D:14     | Reached skill level 10 in Crossbows
 42544 | D:14     | Reached skill level 10 in Throwing
 42544 | D:14     | Reached skill level 10 in Armour
 42544 | D:14     | Reached skill level 10 in Shields
 42544 | D:14     | Reached skill level 10 in Unarmed Combat
 42544 | D:14     | Reached skill level 10 in Evocations
 42863 | D:14     | Reached ***** piety under Cheibriados
 42970 | D:14     | Found a gate to the Vaults.
 43334 | D:15     | Entered Level 15 of the Dungeon
 43802 | Orc:2    | Bought a kite shield for 130 gold pieces
 43815 | Orc:2    | Bought a crude leather armour for 203 gold pieces
 43815 | Orc:2    | Identified the +2 leather armour of Plasticity {rPois Will+
                  | Str+4} (You bought it in a shop on level 2 of the Orcish
                  | Mines)
 43819 | Orc:2    | Identified a scroll of acquirement
 43823 | Orc:2    | Acquired a book of Fire
 43831 | Orc:2    | Learned a level 5 spell: Fireball
 44285 | Lair:2   | Found a staircase to the Shoals.
 44944 | Lair:6   | Killed Kirke
 44994 | Lair:6   | Got Osaapsiz's Handbook of the Dusty Voyage
 45704 | D:15     | Found a staircase to the Depths.
 45768 | D:15     | Found a stormy altar of Qazlal.
 46074 | D:15     | Identified the amulet of Betearer {Regen+ SInv}
 46351 | D:15     | Found an iron altar of Okawaru.
 46865 | Shoals:1 | Entered Level 1 of the Shoals
 47049 | Shoals:1 | Reached XP level 16. HP: 104/123 MP: 15/32
 49285 | Shoals:3 | Found Geulo's Magic Scroll Shoppe.
 49335 | Shoals:3 | Bought a scroll of teleportation for 51 gold pieces
 49335 | Shoals:3 | Bought a scroll of teleportation for 51 gold pieces
 49450 | Shoals:3 | Noticed Ilsuiw
 49464 | Shoals:3 | Killed Ilsuiw
 49690 | Shoals:4 | Entered Level 4 of the Shoals
 49723 | Shoals:4 | Noticed Aizul
 49760 | Shoals:3 | Killed Aizul
 50079 | Shoals:4 | Reached skill level 13 in Spellcasting
 50774 | Shoals:3 | Reached ****** piety under Cheibriados
 51033 | Spider:1 | Entered Level 1 of the Spider Nest
 52150 | Spider:1 | Identified the +0 hunting sling "Kaotige" {flame, rPois
                  | Str-3 Dex+2}
 52747 | Spider:2 | Reached XP level 17. HP: 120/131 MP: 2/34
 54038 | Spider:3 | Reached skill level 10 in Conjurations
 54038 | Spider:3 | Reached skill level 10 in Summonings
 54038 | Spider:3 | Reached skill level 10 in Translocations
 54295 | Spider:3 | Noticed Nikola
 54738 | Orc:1    | Bought the +1 ring mail "Ofoppot" {rElec Will+} for 429
                  | gold pieces
 55016 | Spider:3 | Killed from afar by Nikola

Illustrated notes

Levels and vault maps discovered:
D:1:      matt_arrival_grand_opening, layout_loops_ring,
          ebering_ecumenical_altar_mist
D:2:      layout_basic, minmay_tiny_reverse_x
D:3:      minmay_evil_eye, layout_basic, mainiacjoe_overflow_six_doors_small,
          serial_shops, shop_fountains, st_stairs_8
D:4:      layout_layer_cave, minmay_temple_entry_poolview, uniq_sigmund,
          uniq_grinder
D:5:      layout_rooms, nicolae_concentric_dashed_squares_wild, uniq_edmund
D:6:      layout_basic
D:7:      layout_basic
D:8:      layout_rooms, dpeg_oklobed_lair, uniq_grum
D:9:      layout_basic, uniq_harold
D:10:     layout_stronghold
D:11:     layout_basic, orc_0_dummy, kennysheep_flooded_box,
          beargit_hepliaklqana_dungeon_heroes
D:12:     layout_grid_maze, uniq_psyche, uniq_frances
D:13:     layout_roguey
D:14:     layout_loops_corners, grunt_vaults_entry_tiered,
          kennysheep_big_empty_room, grunt_decor_one_mirror,
          minmay_misc_feat_roman
D:15:     hangedman_depths_entry_try_elsewhere_first, layout_loops_cross,
          okawaru_trees_1, nicolae_qazlal_scattered_showers
Temple:   mainiacjoe_temple_hex_bubbles
Lair:1:   layout_layer_cave, nicolae_volcano_entry_hallway,
          kennysheep_abandoned_house, lemuel_fruit_fields
Lair:2:   layout_cave_pods, elwin_shoals_entry_rooms,
          hellmonk_spider_entry_not_the_bees, portal_ice_cave_demonic_guard,
          cheibrodos_lair_caveside_slide, nicolae_lair_lil_pond
Lair:3:   layout_small_grid, serial_forest, infiniplex_forest_straight_2,
          infiniplex_forest_end_3, infiniplex_forest_end_2,
          infiniplex_forest_clump_tiny, infiniplex_forest_end_1,
          infiniplex_forest_straight_4, lemuel_fruit_tree
Lair:4:   layout_layer_cave, serial_bayou_pond_e,
          grunt_forest_large_clearing_hut, lemuel_fruit_fields
Lair:5:   layout_cave_pods, dpeg_slime_entry_corner
Lair:6:   gammafunk_lair_ancient_temple, layout_regular_city,
          gauntlet_entry_generic, chequers_serial_rivers_micro_c, uniq_kirke
Shoals:1: layout_shoals
Shoals:2: layout_shoals
Shoals:3: layout_shoals, serial_shops, shop, uniq_ilsuiw
Shoals:4: shoals_end_simple, layout_shoals, uniq_aizul
Spider:1: layout_spider_delve
Spider:2: layout_spider_delve
Spider:3: layout_spider_delve, uniq_nikola, uniq_jorgrun
Orc:1:    layout_caves, basic_altar, serial_shops, shop
Orc:2:    grunt_orc_community_town_hall, layout_caves,
          grunt_orc_community_big_house_2, grunt_orc_community_big_house_1,
          grunt_orc_community_house_1, grunt_orc_community_house_2,
          grunt_orc_community_house_2, grunt_orc_community_house_3,
          grunt_orc_community_house_3, basic_altar

Skill      XL: |  1  2  3  4  5  6  7  8  9 10 11 12 13 14 15 16 17 |
---------------+----------------------------------------------------+-----
Conjurations   | 2 3 4 5 6 7 8 9 10 | 10.0
Summonings     | 2 3 4 5 6 7 8 9 10 | 10.0
Translocations | 2 3 4 5 6 7 8 9 10 | 10.0
Invocations    | 1 2 3 4 5 6 7 8 9 10 11 12 | 12.5
Fighting       | 1 2 3 4 5 6 7 8 9 10 11 | 11.5
Short Blades   | 1 2 3 4 5 6 7 8 9 10 11 | 11.5
Long Blades    | 1 2 3 4 5 6 7 8 9 10 11 | 11.5
Axes           | 1 2 3 4 5 6 7 8 9 10 11 | 11.5
Maces & Flails | 1 2 3 4 5 6 7 8 9 10 11 | 11.5
Polearms       | 1 2 3 4 5 6 7 8 9 10 11 | 11.5
Staves         | 1 2 3 4 5 6 7 8 9 10 11 | 11.5
Slings         | 1 2 3 4 5 6 7 8 9 10 11 | 11.5
Bows           | 1 2 3 4 5 6 7 8 9 10 11 | 11.5
Crossbows      | 1 2 3 4 5 6 7 8 9 10 11 | 11.5
Throwing       | 1 2 3 4 5 6 7 8 9 10 11 | 11.5
Armour         | 1 2 3 4 5 6 7 8 9 10 11 | 11.5
Shields        | 1 2 3 4 5 6 7 8 9 10 11 | 11.5
Unarmed Combat | 1 2 3 4 5 6 7 8 9 10 11 | 11.5
Evocations     | 1 2 3 4 5 6 7 8 9 10 11 | 11.5
Hexes          | 1 2 3 4 5 6 7 8 9 |  9.7
Necromancy     | 1 2 3 4 5 6 7 8 9 |  9.7
Transmutations | 1 2 3 4 5 6 7 8 9 |  9.7
Fire Magic     | 1 2 3 4 5 6 7 8 9 |  9.7
Ice Magic      | 1 2 3 4 5 6 7 8 9 |  9.7
Air Magic      | 1 2 3 4 5 6 7 8 9 |  9.7
Earth Magic    | 1 2 3 4 5 6 7 8 9 |  9.7
Poison Magic   | 1 2 3 4 5 6 7 8 9 |  9.7
Dodging        | 5 6 7 8 9 10 11 12 | 12.4
Stealth        | 5 6 7 8 9 10 11 12 | 12.3
Spellcasting   | 8 9 10 11 12 13 | 13.4

Action                   |  1- 3 |  4- 6 |  7- 9 | 10-12 | 13-15 | 16-18 || total
-------------------------+-------+-------+-------+-------+-------+-------++-------
Melee: Dagger            |       |    16 |    80 |   164 |   543 |   279 ||  1082
       Bite              |       |     2 |    14 |    27 |    76 |    66 ||   185
       Punch             |       |       |     4 |    12 |    29 |       ||    45
       Spear             |       |       |       |       |     1 |       ||     1
       Trident           |       |       |       |       |       |    68 ||    68
Throw: Boomerang         |       |       |       |       |     7 |    65 ||    72
       Throwing net      |       |       |       |       |       |     3 ||     3
 Cast: Magic Dart        |   112 |   117 |   227 |    21 |    17 |    14 ||   508
       Call Imp          |       |     4 |    16 |     4 |     1 |       ||    25
       Mephitic Cloud    |       |     6 |    40 |    65 |   110 |    66 ||   287
       Conjure Flame     |       |       |    26 |    44 |     6 |       ||    76
       Blink             |       |       |     1 |     5 |     8 |     2 ||    16
       Shock             |       |       |   132 |   206 |    43 |     9 ||   390
       Airstrike         |       |       |       |   122 |   137 |    22 ||   281
       Summon Lightning  |       |       |       |    20 |    58 |    40 ||   118
       Summon Guardian G |       |       |       |     2 |     9 |     7 ||    18
       Lightning Bolt    |       |       |       |     5 |    12 |    21 ||    38
       Ensorcelled Hiber |       |       |       |       |   177 |    76 ||   253
       Fireball          |       |       |       |       |     3 |    22 ||    25
Evoke: Wand              |       |       |       |    11 |     2 |     5 ||    18
  Use: Scroll            |     2 |     4 |    12 |     3 |    10 |     4 ||    35
       Potion            |       |       |       |     2 |       |     4 ||     6
 Stab: Sleeping          |       |     4 |     2 |       |    96 |    41 ||   143
       Confused          |       |     3 |     8 |    16 |    93 |    33 ||   153
       Distracted        |       |       |       |       |     3 |     6 ||     9
Armor: Robe              |     5 |     8 |    28 |    59 |    85 |    55 ||   240
Dodge: Dodged            |     5 |    26 |   128 |   217 |   400 |   296 ||  1072
Block: Kite shield       |       |       |       |       |    38 |   271 ||   309
